 Dungeon Crawl Stone Soup version 0.30-a0-568-g124715a40b (webtiles) character file.

Game seed: 15562802456724889289

7527 billz999 the Spear-Bearer (level 11, -4/81 HPs)
             Began as a Djinni Air Elementalist on Dec 29, 2022.
             Was a Follower of Makhleb.
             Shot with an arrow by a centaur warrior (16 damage)
             ... on level 10 of the Dungeon.
             The game lasted 00:29:13 (12280 turns).

billz999 the Spear-Bearer (DjAE)                   Turns: 12280, Time: 00:29:13

Health: -4/81      AC:  9    Str:  7    XL:     11   Next: 38%
Gold:   387        EV: 12    Int: 21    God:    Makhleb [*.....] SH:  0 Dex: 14

rFire   + + +      SeeInvis +    Q - staff of air
rCold   + . .      Faith    .    (no shield)
rNeg    . . .      Spirit   .    M - +1 robe {rC+ rF+}
rPois   ∞          Reflect  .    A - +2 hat {SInv}
rElec   +          Harm     .    q - scarf {rC+ rF+}
rCorr   .          Rampage  .    (no gloves)
Will    +....                    (boots unavailable)
Stlth   ++                       J - amulet of the acrobat
HPRegen 0.33/turn                v - +4 ring of protection
MPRegen 0.00/turn                L - ring of see invisible

@: flying
A: sickness immunity, fire resistance 2, cold vulnerability 1, float, innate
caster, HP casting, extra vitality 1
a: Renounce Religion


You were on level 10 of the Dungeon.
You worshipped Makhleb.
Makhleb was aware of your devotion.
You visited 2 branches of the dungeon, and saw 11 of its levels.

You collected 663 gold pieces.
You spent 276 gold pieces at shops.

Inventory:

Hand Weapons
 l - a +2 spear of flaming
 D - a +4 spear
 I - the +6 mace of Valuable Assets {speed, rC+ Str-2 Int+6 Dex+2}
   (You found it on level 6 of the Dungeon)

   Attacks with this weapon are significantly faster.
   Str:       It affects your strength (-2).
   Int:       It affects your intelligence (+6).
   Dex:       It affects your dexterity (+2).
   rC:        It protects you from cold.
 S - the +7 battleaxe of Ash {flame, rElec Will- Str+5 Int+2}
   (You bought it in a shop on level 10 of the Dungeon)

   It burns those it strikes, dealing additional fire damage.
   Big, fiery blades are also staple armaments of hydra-hunters.
   Str:       It affects your strength (+5).
   Int:       It affects your intelligence (+2).
   rElec:     It insulates you from electricity.
   Will:      It decreases your willpower.
Missiles
 e - 5 javelins
 g - 9 poisoned darts
 h - 8 curare-tipped darts
Armour
 a - a +0 robe
 i - the +7 scale mail of Conscience {rPois Str+3}
   (You took it off a goblin on level 2 of the Dungeon)

   Str:       It affects your strength (+3).
   rPois:     It protects you from poison.
 m - a +1 helmet
 q - a scarf of resistance (worn)
 A - a +2 hat of see invisible (worn)
 M - a +1 robe of resistance (worn)
Magical Staves
 Q - a staff of air (weapon)
Jewellery
 v - a +4 ring of protection (left hand)
 J - an amulet of the acrobat (around neck)
 L - a ring of see invisible (right hand)
Wands
 C - a wand of charming (7)
 G - a wand of flame (16)
 K - a wand of polymorph (4)
Scrolls
 o - 2 scrolls of amnesia {unknown}
 p - 2 scrolls of silence
 r - a scroll of magic mapping
 t - a scroll of blinking
 u - 3 scrolls of teleportation
 y - 3 scrolls of acquirement {unknown}
 E - a scroll of fog
 O - a scroll of butterflies
 P - a scroll of fear {unknown}
 R - a scroll of identify
Potions
 b - 3 potions of magic
 c - 3 potions of lignification
 d - 4 potions of haste {unknown}
 f - 4 potions of attraction {unknown}
 j - a potion of brilliance {unknown}
 k - a potion of ambrosia {unknown}
 n - 2 potions of cancellation {unknown}
 s - 2 potions of might {unknown}
 w - 2 potions of resistance {unknown}
 x - 2 potions of curing
 z - 2 potions of heal wounds {unknown}
 B - a potion of mutation {unknown}
 F - 2 potions of flight {unknown}
 H - a potion of invisibility {unknown}
 N - a potion of berserk rage {unknown}


   Skills:
 - Level 8.2 Fighting
 - Level 9.8 Polearms
 - Level 6.1 Armour
 - Level 2.1 Dodging
 - Level 1.5 Stealth
 + Level 5.6 Spellcasting


You couldn't memorise any spells.
You knew the following spells:

 Your Spells              Type           Power      Damage    Failure   Level
a - Shock                 Conj/Air       100%       1d9       1%          1
b - Static Discharge      Conj/Air       88%        2-6/arc   1%          2
c - Swiftness             Air            44%        N/A       3%          3
d - Airstrike             Air            22%        2d(4-20)  10%         4
e - Freeze                Ice            100%       1d10      1%          1
f - Wereblood             Tmut           29%        N/A       1%          2
g - Call Imp              Summ           29%        N/A       1%          2
h - Lesser Beckoning      Tloc           58%        N/A       3%          3
i - Summon Lightning Spi  Summ/Air       44%        N/A       10%         4
Your spell library was empty.

Dungeon Overview and Level Annotations

Branches:
Dungeon (10/15)            Temple (1/1) D:5             Orc (0/2) D:9
   Lair: D:8-11

Altars:
Ashenzari
Cheibriados
Dithmenos
Elyvilon
Fedhas
Gozag
Hepliaklqana
Makhleb
Nemelex Xobeh
Okawaru
Qazlal
Ru
Trog
Uskayaw
Wu Jian
Xom
Yredelemnul
Zin
The Shining One

Shops:
D:10 (

Annotations:
D:7 2 transporters


Innate Abilities, Weirdness & Mutations

You are immune to sickness and miasma.
You are immune to poison.
Your flesh is very heat resistant. (rF++)
You are vulnerable to cold. (rC-)
You float through the air rather than walking.
You learn spells naturally, not from books.
Your magical power is your life essence.
You have superior vitality. (+4 MHP)


Message History

The centaur warrior is heavily wounded.
A centaur comes into view.
The centaur warrior shoots an arrow.
The arrow hits you!
Your lightning spire shoots out a bolt of lightning at the centaur warrior!
The bolt of electricity hits the centaur warrior!
The centaur warrior shoots an arrow.
The arrow hits your lightning spire.
Unknown command.
Casting: Shock (safe; 1% risk of failure)
Confirm with . or Enter, or press ? or * to list all spells.
Aiming: Shock (safe; 1% risk of failure)
Press: ? - help, Shift-Dir - straight line You feel a surge of power!
The zap hits the centaur warrior.
The centaur warrior is almost dead.
The zap misses the centaur warrior.
The centaur wields a +0 shortbow.
The centaur shoots an arrow.
The arrow hits you!
* * * LOW HITPOINT WARNING * * *
The centaur warrior shoots an arrow.
The arrow hits you!
* * * LOW HITPOINT WARNING * * *
Your lightning spire shoots out a bolt of lightning at the centaur warrior!
The bolt of electricity misses the centaur warrior.
Okay, then.
Okay, then.
Blink to where?
Press: ? - help, Dir - move target
As you read the scroll of blinking, it crumbles to dust.
You feel better.
Casting: Shock (safe; 1% risk of failure)
Confirm with . or Enter, or press ? or * to list all spells.
Okay, then.
Casting: Shock (safe; 1% risk of failure)
Confirm with . or Enter, or press ? or * to list all spells.
Aiming: Airstrike (dangerous; 10% risk of failure)
Press: ? - help, Dir - move target, f - centaur warrior
Aim: a centaur warrior, wielding a +0 shortbow (almost dead, empty space bonus: 3/8)
You feel a surge of power!
The air twists around and strikes the centaur warrior.
The centaur warrior is almost dead.
* * * LOW HITPOINT WARNING * * *
The centaur warrior shoots an arrow.
The arrow hits you!
You die...

..######........#
... #.....#### ..
##)...# . ##.....##
### ##8......######.
#.###...............
##..8.>.8....######.
##.........##
#@..∩.....#
#.....#...#
##.8.<.8#......
##.......#.....#
#...##8#.....###
##..######...#
##.c## #..## ##§8#
#..# ##..# #


You could see a centaur warrior.

Vanquished Creatures
  A two-headed ogre (D:8)
  An ugly thing (D:6)
  Psyche (D:8)
  A komodo dragon (D:7)
  A troll (D:9)
  2 shadows (D:9)
  A wyvern (D:8)
  5 yaks (D:8)
  2 steam dragons
  A warg (D:10)
  2 water moccasins
  Duvessa (D:4)
  A nameless horror (D:9)
  4 orc warriors
  4 ogres
  A black bear (D:6)
  A centaur (D:7)
  A kobold brigand (D:9)
  A necrophage (D:7)
  4 scorpions
  2 wights (D:9)
  Dowan (D:4)
  10 killer bees
  3 troll zombies (D:9)
  2 orc priests
  A hound (D:7)
  Terence (D:3)
  5 iguanas
  9 orc wizards
  Natasha (twice) (D:3)
  An ogre zombie (D:9)
  Robin (D:2)
  6 gnolls
  5 adders
  2 shadow imps
  3 white imps
  4 worms
  5 dart slugs
  39 orcs
  3 endoplasms
  4 giant cockroaches
  16 goblins
  6 hobgoblins
  6 quokkas
  7 ball pythons
  2 bats
  2 frilled lizards (D:1)
  A goblin skeleton (D:9)
  3 hobgoblin zombies (D:9)
  6 kobolds
  4 orc skeletons (D:9)
  4 orc zombies (D:9)
  10 rats
212 creatures vanquished.

Vanquished Creatures (collateral kills)
  A nameless horror (D:9)
  A warg (D:10)
  2 sky beasts
  An orc warrior (D:9)
  A centaur (D:10)
  2 phantoms
  A scorpion (D:5)
  2 wights (D:9)
  4 killer bees (D:9)
  4 orc priests
  2 ogre zombies (D:9)
  3 orcs
  A hobgoblin zombie (D:9)
  6 orc zombies (D:9)
31 creatures vanquished.

Vanquished Creatures (others)
  2 plants
2 creatures vanquished.

Grand Total: 245 creatures vanquished

Notes
Turn   | Place    | Note
-------+----------+-------------------------------------------
     0 | D:1      | billz999 the Djinni Air Elementalist began the quest for
                  | the Orb.
     0 | D:1      | billz999 set off with the following spells memorised:
                  | Shock, Static Discharge, Swiftness, Airstrike.
     0 | D:1      | Reached XP level 1. HP: 15/15 MP: 0/0
   188 | D:1      | Reached XP level 2. HP: 10/21 MP: 0/0
   685 | D:1      | Reached XP level 3. HP: 24/25 MP: 0/0
   685 | D:1      | Learned a level 1 spell: Freeze
  1097 | D:2      | Noticed Robin
  1521 | D:2      | Identified the +7 scale mail of Conscience {rPois Str+3}
  1527 | D:2      | Reached XP level 4. HP: 26/31 MP: 0/0
  1538 | D:2      | Killed Robin
  1853 | D:2      | Found a shadowy altar of Dithmenos.
  2072 | D:3      | Noticed Terence
  2078 | D:3      | Killed Terence
  2079 | D:3      | Reached XP level 5. HP: 20/35 MP: 0/0
  2079 | D:3      | Learned a level 2 spell: Wereblood
  2091 | D:3      | Noticed Natasha
  2303 | D:3      | Killed Natasha
  2487 | D:3      | Noticed Natasha
  2494 | D:3      | Killed Natasha
  2495 | D:3      | Reached skill level 1 in Polearms
  2555 | D:4      | Noticed Duvessa
  2555 | D:4      | Noticed Dowan
  2560 | D:4      | Killed Duvessa
  2561 | D:4      | Reached skill level 1 in Fighting
  2561 | D:4      | Reached skill level 2 in Polearms
  2561 | D:4      | Reached skill level 1 in Armour
  2561 | D:4      | Reached XP level 6. HP: 28/42 MP: 0/0
  2571 | D:4      | Killed Dowan
  2794 | D:4      | Reached XP level 7. HP: 43/49 MP: 0/0
  2794 | D:4      | Learned a level 2 spell: Call Imp
  2845 | D:4      | Found a white marble altar of Elyvilon.
  3484 | D:4      | Noticed a water moccasin
  3499 | D:4      | Killed a water moccasin
  3500 | D:4      | Reached skill level 3 in Polearms
  3655 | D:5      | Entered Level 5 of the Dungeon
  3744 | D:5      | Reached XP level 8. HP: 40/56 MP: 0/0
  3755 | D:5      | Reached skill level 4 in Polearms
  4091 | D:5      | Found a staircase to the Ecumenical Temple.
  4106 | Temple   | Entered the Ecumenical Temple
  4522 | D:6      | Noticed a purple ugly thing
  4537 | D:6      | Killed a purple ugly thing
  4538 | D:6      | Reached skill level 5 in Polearms
  4538 | D:6      | Reached XP level 9. HP: 53/63 MP: 0/0
  4538 | D:6      | Learned a level 3 spell: Lesser Beckoning
  4885 | D:6      | Reached skill level 6 in Polearms
  4896 | D:6      | Reached skill level 5 in Fighting
  5015 | D:6      | Reached skill level 5 in Armour
  5363 | D:6      | Identified the +6 mace of Valuable Assets {speed, rC+ Str-2
                  | Int+6 Dex+2}
  6025 | D:7      | Found a transporter.
  6150 | D:7      | Noticed a komodo dragon
  6169 | D:7      | Killed a komodo dragon
  6170 | D:7      | Reached skill level 7 in Polearms
  6362 | D:7      | Reached XP level 10. HP: 50/72 MP: 0/0
  6630 | D:7      | Found a transporter.
  6631 | D:7      | Noticed a manticore
  6636 | D:7      | Noticed a red ugly thing
  7603 | D:8      | Noticed a two-headed ogre
  7979 | D:8      | Noticed Psyche
  7980 | D:8      | Killed a two-headed ogre
  7981 | D:8      | Reached skill level 8 in Polearms
  8194 | D:8      | Killed Psyche
  8841 | D:8      | Found a runed translucent door.
  9081 | D:8      | Reached skill level 9 in Polearms
  9595 | Temple   | Became a worshipper of Makhleb the Destroyer
 10078 | D:9      | Reached XP level 11. HP: 62/81 MP: 0/0
 10078 | D:9      | Learned a level 4 spell: Summon Lightning Spire
 10607 | D:9      | Found a staircase to the Orcish Mines.
 10813 | D:9      | Reached * piety under Makhleb
 11027 | D:9      | Noticed a nameless horror
 11036 | D:9      | Killed a nameless horror
 11646 | D:9      | Reached skill level 5 in Spellcasting
 11989 | D:10     | Entered Level 10 of the Dungeon
 12232 | D:10     | Found Zeleod's Antique Weapon Shoppe.
 12254 | D:10     | Bought a brightly glowing battleaxe for 276 gold pieces
 12254 | D:10     | Identified the +7 battleaxe of Ash {flame, rElec Will-
                  | Str+5 Int+2} (You bought it in a shop on level 10 of the
                  | Dungeon)
 12269 | D:10     | Noticed a centaur warrior
 12277 | D:10     | HP: 4/81 [centaur warrior/arrow (15)]
 12280 | D:10     | Shot with an arrow by a centaur warrior

Illustrated notes

Levels and vault maps discovered:
D:1:      dpeg_arrival_prison, layout_loops_ring
D:2:      layout_rooms, basic_altar, uniq_robin
D:3:      layout_rooms, uniq_natasha, uniq_terence
D:4:      layout_basic, elyvilon_altar_1, uniq_duvessa
D:5:      layout_basic, minmay_temple_entry_mist
D:6:      layout_loops_corners, kennysheep_generic_room_11
D:7:      gammafunk_the_bubble [the_bubble_gammafunk_split], layout_basic,
          minmay_misc_feat_hallway
D:8:      layout_basic, lightli_church_of_beogh, uniq_psyche
D:9:      layout_loops_ring, zombieorc1_lemuel
D:10:     layout_layer_cave, lemuel_coloured_pillars_altar,
          erik_lair_orcish_takeover, serial_shops, nicolae_stop_n_shop_2,
          wad_hexagon
Temple:   nicolae_temple_slightly_damp_pantheon

Skill      XL: |  1  2  3  4  5  6  7  8  9 10 11 |
---------------+----------------------------------+-----
Spellcasting   | 3 4 5 |  5.6
Polearms       | 2 3 5 7 9 |  9.8
Fighting       | 1 2 3 4 5 7 8 |  8.2
Armour         | 1 3 4 5 6 |  6.1
Dodging        | |  2.1
Stealth        | |  1.5

Action                   |  1- 3 |  4- 6 |  7- 9 | 10-12 || total
-------------------------+-------+-------+-------+-------++-------
Melee: Spear             |       |    24 |   140 |    67 ||   231
       Punch             |       |       |     4 |       ||     4
       Staff             |       |       |       |     5 ||     5
 Cast: Shock             |    56 |    78 |   119 |   222 ||   475
       Freeze            |       |     2 |       |     1 ||     3
       Call Imp          |       |       |    14 |    20 ||    34
       Static Discharge  |       |       |     1 |    34 ||    35
       Summon Lightning  |       |       |       |    25 ||    25
       Airstrike         |       |       |       |     3 ||     3
Evoke: Wand              |       |     7 |     6 |     3 ||    16
  Use: Scroll            |     3 |     1 |     4 |     7 ||    15
       Potion            |       |       |       |     1 ||     1
 Stab: Distracted        |       |       |     1 |     1 ||     2
       Invisible         |       |       |     3 |     2 ||     5
Armor: Robe              |     1 |       |       |    12 ||    13
       Scale mail        |       |     9 |    72 |    64 ||   145
Dodge: Dodged            |     9 |    14 |    56 |    85 ||   164

Table legend: (Time is in decaauts)
 A = Elapsed time spent in this place.
 B = Non-inter-level travel time spent in this place.
 C = Inter-level travel time spent in this place.
 D = Time resting spent in this place.
 E = Time spent auto-exploring this place.
 F = Levels seen in this place.
 G = Mean time per level.
                   A        B        C        D        E       F      G
               +--------+--------+--------+--------+--------+-----+--------+
         Total |  12235 |  11168 |   1067 |   1538 |   8082 |  11 | 1112.3 |
       Dungeon |  12009 |  10984 |   1025 |   1538 |   7927 |  10 | 1200.9 |
        Temple |    226 |    184 |     42 |      0 |    155 |   1 |  226.0 |
               +--------+--------+--------+--------+--------+-----+--------+

Top non-repeatable levels by time:
     D:8: 2121 daAuts
     D:9: 1932 daAuts
     D:7: 1791 daAuts
     D:6: 1549 daAuts
     D:4: 1125 daAuts
     D:1: 1073 daAuts
     D:2: 895 daAuts
     D:5: 666 daAuts
     D:3: 563 daAuts
    D:10: 290 daAuts
  Temple: 226 daAuts
